 Dungeon Crawl Stone Soup version 0.20.0-15-g7f486f2 (webtiles) character file.

63 Zachthehappycat the Skirmisher (level 4, -2/31 HPs)
             Began as a Tengu Wanderer on June 29, 2017.
             Was an Initiate of Dithmenos.
             Slain by a gnoll
             ... wielding a +0 club
              (8 damage)
             ... on level 2 of the Dungeon.
             The game lasted 00:11:15 (2507 turns).

Zachthehappycat the Skirmisher (Tengu Wanderer)     Turns: 2507, Time: 00:11:15

Health: -2/31      AC:  2    Str: 19      XL:     4   Next: 10%
Magic:  5/5        EV: 11    Int:  7 (9)  God:    Dithmenos [......]
Gold:   114        SH:  0    Dex:  9 (11) Spells: 3/3 levels left

rFire    . . .     SeeInvis .   u - +0 dagger
rCold    . . .     Gourm    .   (no shield)
rNeg     . . .     Faith    .   e - +0 robe
rPois    .         Spirit   .   (helmet restricted)
rElec    .         Reflect  .   (no cloak)
rCorr    .         Harm     .   (no gloves)
MR       .....                  (boots unavailable)
Stlth    +.........             h - amulet of regeneration
Regen    0.5/turn               (no ring)
MPRegen  0.1/turn               (no ring)

@: about to teleport
A: beak, talons 3
a: Renounce Religion


You were on level 2 of the Dungeon.
You worshipped Dithmenos.
Dithmenos was noncommittal.
You were not hungry.

You visited 1 branch of the dungeon, and saw 2 of its levels.

You collected 114 gold pieces.

Inventory:

Hand Weapons
 a - a +2 shortbow
 u - a +0 dagger (weapon)
Missiles
 b - 11 arrows
 l - 64 stones (quivered)
 m - 6 tomahawks
Armour
 e - a +0 robe (worn)
 g - a cursed +0 helmet
 s - a +0 scale mail
Jewellery
 h - an amulet of regeneration (around neck)
Scrolls
 i - 2 scrolls of identify
 j - 2 scrolls of recharging
 n - 3 scrolls of fear {unknown}
Potions
 k - 2 potions of flight {unknown}
Comestibles
 d - a chunk of flesh
 f - 2 bread rations
 r - a meat ration
 t - 7 fruits


   Skills:
 + Level 5.5 Fighting
 + Level 0.4 Short Blades
 + Level 3.5 Bows
 + Level 1.0 Throwing
 + Level 1.1 Armour
 + Level 1.0 Dodging
 + Level 0.2 Stealth
   Level 1.0 Shields


You had 3 spell levels left.
You didn't know any spells.

Dungeon Overview and Level Annotations

Branches:
Dungeon (2/15)

Altars:
Dithmenos
Kikubaaqudgha


Innate Abilities, Weirdness & Mutations

You have a beak for a mouth.
You have claws for feet.


Message History

You hit the gnoll. You peck the gnoll, but do no damage.
The gnoll is severely wounded.
The gnoll hits you but does no damage.
You hit the gnoll.
The gnoll is severely wounded.
The gnoll barely misses you. The gnoll hits you with a club.
You hit the gnoll but do no damage. Your peck misses the gnoll.
The gnoll is severely wounded.
The gnoll hits you from afar with a halberd!
The gnoll barely misses you.
You hit the gnoll. Your kick misses the gnoll.
The gnoll is almost dead.
The gnoll closely misses you. The gnoll hits you with a club.
* * * LOW HITPOINT WARNING * * *
As you read the scroll of teleportation, it crumbles to dust.
You feel strangely unstable. The gnoll hits you with a club.
* * * LOW HITPOINT WARNING * * *
The gnoll barely misses you. The gnoll hits you with a club!
You die...

..# #....>#....####...# #.#
#..##.#.#### #...# #.# #..##.###
#...# #.# #..##.####### #...# #.#
##### #..##.......# #...#
###.#####...###..##.......###...#
..#...gg'...#.............#......
#.#.#####..(#....#.........######
#.#.# #.(((...@#.#.......##....
#.#.# #..###gg.#.#.......##.###
#.#.########_##..#.#######.##.#..
#.#......##...##.#.#..........#..
#.#..#####⌠.#.⌠#.#....####.####..
#.#..# ####...##.#....# #.#.....
#.#..###.###.#####....# #.#.####
#.#......#⌠#.##.......# #.......
#.#...#......⌠#.##....######.####


You could see 2 gnolls.

Vanquished Creatures
  2 adders (D:2)
  An ooze (D:1)
  2 dart slugs
  2 leopard geckos
  4 bats
  A giant cockroach (D:1)
  8 goblins
  5 hobgoblins
  A ball python (D:1)
  4 frilled lizards
  3 kobolds
  4 rats
37 creatures vanquished.

Notes
Turn   | Place    | Note
-------+----------+-------------------------------------------
     0 | D:1      | Zachthehappycat the Tengu Wanderer began the quest for the Orb.
     0 | D:1      | Zachthehappycat set off with: a +2 shortbow, 21 arrows, a scroll of teleportation, a potion of lignification, a +0 robe, a bread ration
     0 | D:1      | Reached XP level 1. HP: 16/16 MP: 2/2
   457 | D:1      | Reached XP level 2. HP: 21/21 MP: 3/3
   735 | D:1      | Reached XP level 3. HP: 26/26 MP: 4/4
  1433 | D:2      | Found a shadowy altar of Dithmenos.
  1448 | D:2      | Became a worshipper of Dithmenos the Shadowed
  1544 | D:2      | HP: 1/39 [adder (1)]
  1943 | D:2      | Reached XP level 4. HP: 31/31 MP: 5/5
  2175 | D:2      | Reached skill level 1 in Dodging
  2358 | D:2      | Found an ancient bone altar of Kikubaaqudgha.
  2507 | D:2      | Slain by a gnoll

Skill      XL: |  1  2  3  4 |
---------------+-------------+-----
Bows           | 3 |  3.5
Dodging        | 1 |  1.0
Fighting       | |  5.5
Short Blades   | |  0.4
Throwing       | |  1.0
Armour         | |  1.1
Stealth        | |  0.2
Shields        | |  1.0

Action                   |  1- 3 |  4- 6 || total
-------------------------+-------+-------++-------
Melee: Dagger            |    49 |    27 ||    76
       Shortbow          |     5 |       ||     5
       Kick              |     4 |     7 ||    11
       Peck              |     4 |     5 ||     9
 Fire: Shortbow          |    61 |       ||    61
Throw: Stone             |     2 |     9 ||    11
  Use: Potion            |     4 |       ||     4
       Scroll            |     1 |     4 ||     5
  Eat: Chunk             |     2 |     3 ||     5
Armor: Robe              |    31 |     2 ||    33
       Skin              |    15 |       ||    15
Dodge: Dodged            |    54 |    28 ||    82
